 Dungeon Crawl Stone Soup version 0.31-a0-196-g86fe4a5e66 (webtiles) character file.

Game seed: 3397185342117653304

243 Elsrick the Caller (level 6, 0/34 HPs)
             Began as a Gargoyle Summoner on June 13, 2023.
             Killed from afar by an orc wizard (6 damage)
             ... with a magic dart
             ... on level 4 of the Dungeon on June 24, 2023.
             The game lasted 00:18:11 (3331 turns).

Elsrick the Caller (Gargoyle Summoner)              Turns: 3331, Time: 00:18:11

Health: 0/34       AC:  8    Str: 11    XL:     6   Next: 9%
Magic:  2/11       EV: 12    Int: 18    God:
Gold:   133        SH:  0    Dex: 10    Spells: 5/11 levels left

rFire   + . .        d - +0 short sword
rCold   x . .        (no shield)
rNeg    + . .        a - +0 robe
rPois   ∞            (no helmet)
rElec   +            (no cloak)
rCorr   .            p - +0 pair of gloves
SInv    .            o - +0 pair of boots
Will    .....        (no amulet)
Stlth   ++           c - ring of fire
HPRegen 0.25/turn    (no ring)
MPRegen 0.12/turn

%: no passive effects
@: no status effects
A: sickness immunity, AC +4, negative energy resistance 1, electricity
resistance, torment resistance 1, petrification resistance
a: no special abilities


You were on level 4 of the Dungeon.
You visited 1 branch of the dungeon, and saw 4 of its levels.

You collected 133 gold pieces.

Inventory:

Hand Weapons
 d - a +0 short sword (weapon)
Missiles
 f - 11 poisoned darts
Armour
 a - a +0 robe (worn)
 o - a +0 pair of boots (worn)
 p - a +0 pair of gloves (worn)
Jewellery
 c - a ring of fire (left hand)
Scrolls
 g - 2 scrolls of teleportation {unknown}
 h - a scroll of identify {unknown}
 i - 2 scrolls of amnesia {unknown}
 j - a scroll of torment {unknown}
 l - a scroll of poison {unknown}
 q - a scroll of enchant weapon {unknown}
 r - a scroll of revelation {unknown}
Potions
 b - a potion of magic
 e - a potion of brilliance {unknown}
 k - 2 potions of heal wounds {unknown}
 m - a potion of ambrosia {unknown}
 n - 2 potions of attraction {unknown}
 s - a potion of curing {unknown}
 t - a potion of degeneration {unknown}


   Skills:
 + Level 1.3 Fighting
 + Level 1.4 Short Blades
 + Level 2.5 Dodging
 + Level 2.9 Stealth
 + Level 0.2 Unarmed Combat
 + Level 3.4 Spellcasting
 + Level 4.5 Summonings


You had 5 spell levels left.
You knew the following spells:

 Your Spells              Type           Power      Damage    Failure   Level
a - Summon Small Mammal   Summ           76%        N/A       2%          1
b - Call Imp              Summ           38%        N/A       3%          2
c - Call Canine Familiar  Summ           19%        N/A       8%          3

Your spell library contained the following spells:

 Spells                   Type           Power      Damage    Failure   Level
 Summon Guardian Golem    Hex/Summ       11%        N/A       19%         3
 Summon Lightning Spire   Summ/Air       11%        N/A       52%         4


Dungeon Overview and Level Annotations

Branches:
Dungeon (4/15)
 Temple: D:4-7

Altars:
Kikubaaqudgha
The Shining One


Innate Abilities, Weirdness & Mutations

You are immune to sickness and miasma.
Your stone body is resilient. (AC +4)
You are immune to poison.
You resist negative energy. (rN+)
You are resistant to electric shocks. (rElec)
You are resistant to unholy torment.
You are immune to petrification.


Message History

The orc wizard is lightly wounded.
The orc wizard closely misses you.
You hit the orc wizard but do no damage.
The orc wizard is lightly wounded.
The orc wizard closely misses you.
You hit the orc wizard.
The orc wizard is lightly wounded.
The orc wizard casts a spell at you. The magic dart hits you!
The orc priest mumbles some strange prayers to Beogh against you.
Beogh smites you!
You hit the orc wizard.
The orc wizard is moderately wounded.
The orc wizard casts a spell at you. The puff of flame hits you. You resist.
* * * LOW HITPOINT WARNING * * *
The orc priest hits you but does no damage.
The orc wizard hits you but does no damage.
Casting: Call Canine Familiar (dangerous; 8% risk of failure)
Confirm with . or Enter, or press ? or * to list all spells.
The orc wizard points at you and mumbles some strange words.
The magic dart hits you.
* * * LOW HITPOINT WARNING * * *
The orc priest completely misses you.
The orc priest attacks as you move away!
The orc priest hits you but does no damage.
The orc wizard attacks as you move away!
The orc wizard hits you with a +0 dagger.
* * * LOW HITPOINT WARNING * * *
The orc priest calls upon Beogh to heal the orc wizard.
The orc wizard's wounds heal themselves!
Casting: Call Canine Familiar (dangerous; 8% risk of failure)
Confirm with . or Enter, or press ? or * to list all spells.
A tiny devil pulls itself out of the air.
The orc wizard points at you and mumbles some strange words.
The puff of flame hits you. You resist.
* * * LOW HITPOINT WARNING * * *
The orc wizard gestures at you while chanting.
The magic dart hits you.
You die...

### .. #. #.###.#########
#:..).o).....#
..###)#######.# ####### #
#. ####h##### #)).÷.# ##
#. #...oo.@.# #†###.# #.
#. #.##.###5# #.# #.#####
.. #.##.###.# #.# #....[.
## #.#.#.##.# #)# #######
#..###.#.# ##÷#
#.#.#.##.# #).###### #
..## #.##.###.# #.......#
## .o.## #........#
#.#####.###. .o..##
##.##.########)#.###.##..


You could see an orc priest, an orc wizard (ally target), a friendly hound
(summoned) and a friendly cerulean imp (summoned).

Vanquished Creatures
  An adder (D:2)
  4 ball pythons
  6 bats
  2 endoplasms
  4 goblins
  2 hobgoblins
  A jackal (D:3)
  A kobold (D:1)
  2 quokkas
  3 frilled lizards
  2 rats (D:3)
28 creatures vanquished.

Vanquished Creatures (collateral kills)
  2 jellies
  Jessica (D:3)
  An orc wizard (D:3)
  Robin (D:4)
  7 orcs
  4 ball pythons
  3 bats
  An endoplasm (D:1)
  3 giant cockroaches
  11 goblins
  10 hobgoblins
  5 jackals
  6 kobolds
  A quokka (D:4)
  A frilled lizard (D:2)
  A rat (D:1)
58 creatures vanquished.

Grand Total: 86 creatures vanquished

Notes
Turn   | Place    | Note
-------+----------+-------------------------------------------
     0 | D:1      | Elsrick the Gargoyle Summoner began the quest for the Orb.
     0 | D:1      | Reached XP level 1. HP: 10/10 MP: 3/3
    22 | D:1      | Found a faded altar of an unknown god.
   290 | D:1      | Reached XP level 2. HP: 16/16 MP: 3/5
   293 | D:1      | Learned a level 2 spell: Call Imp
   724 | D:1      | Reached XP level 3. HP: 20/20 MP: 3/6
  1120 | D:2      | Reached skill level 4 in Summonings
  1598 | D:2      | Reached skill level 1 in Fighting
  1854 | D:3      | Reached XP level 4. HP: 25/25 MP: 5/7
  2010 | D:3      | Noticed Jessica
  2018 | D:4      | Upgraded the game from 0.31-a0-161-gb58dd9be76 to
                  | 0.31-a0-196-g86fe4a5e66
  2101 | D:3      | Found an ancient bone altar of Kikubaaqudgha.
  2159 | D:3      | Learned a level 3 spell: Call Canine Familiar
  2408 | D:3      | Found a glowing golden altar of the Shining One.
  2638 | D:3      | Killed Jessica
  2639 | D:3      | Reached skill level 1 in Short Blades
  2639 | D:3      | Reached XP level 5. HP: 25/29 MP: 3/9
  3068 | D:4      | Noticed Robin
  3102 | D:4      | Killed Robin
  3131 | D:3      | Reached XP level 6. HP: 19/34 MP: 7/11
  3331 | D:4      | Killed from afar by an orc wizard

Illustrated notes

Levels and vault maps discovered:
D:1:      ncdulo_smallfort, layout_rooms, hellmonk_ecumenical_altar_dog_temple,
          dreamdust_mushroom_princess, chequers_avenue, minmay_misc_feat_iff,
          serial_park_tiny_2, minmay_misc_feat_five
D:2:      layout_loops_ring, minmay_misc_feat_room, skrybe_limestone_x,
          grunt_decor_cap, kennysheep_cluttered_room, minmay_tetromino_l2
D:3:      layout_basic, mainiacjoe_overflow_alcove_4,
          mainiacjoe_overflow_tiny_flanked, uniq_jessica
D:4:      layout_loops_corners, uniq_robin

Skill      XL: |  1  2  3  4  5 |
---------------+----------------+-----
Summonings     | 4 |  4.5
Fighting       | 1 |  1.3
Dodging        | 2 |  2.5
Short Blades   | 1 |  1.4
Spellcasting   | 3 |  3.4
Stealth        | |  2.9
Unarmed Combat | |  0.2

Action                     |  1- 3 |  4- 6 || total
---------------------------+-------+-------++-------
  Melee: Unarmed           |    21 |       ||    21
         Short sword       |   100 |    78 ||   178
   Cast: Summon Small Mamm |    15 |     4 ||    19
         Call Imp          |    15 |    17 ||    32
         Call Canine Famil |       |     7 ||     7
 Armour: Robe              |    71 |    47 ||   118
  Dodge: Dodged            |   137 |    52 ||   189

Table legend: (Time is in decaauts)
 A = Elapsed time spent in this place.
 B = Non-inter-level travel time spent in this place.
 C = Inter-level travel time spent in this place.
 D = Time resting spent in this place.
 E = Time spent auto-exploring this place.
 F = Levels seen in this place.
 G = Mean time per level.
                   A        B        C        D        E       F      G
               +--------+--------+--------+--------+--------+-----+--------+
         Total |   3327 |   3239 |     88 |    600 |    985 |   4 |  831.8 |
       Dungeon |   3327 |   3239 |     88 |    600 |    985 |   4 |  831.8 |
               +--------+--------+--------+--------+--------+-----+--------+

Top non-repeatable levels by time:
     D:3: 1294 daAuts
     D:1: 1099 daAuts
     D:2: 651 daAuts
     D:4: 282 daAuts
